 Dungeon Crawl Stone Soup version 0.26-a0-812-g31a745ddcd (webtiles) character file.

Game seed: 10427452714318115544

450 Dracia the Conjurer (level 6, -7/32 HPs)
             Began as a Deep Elf Conjurer on Dec 9, 2020.
             Mangled by Duvessa
             ... wielding a +0 rapier
              (13 damage)
             ... on level 5 of the Dungeon.
             The game lasted 00:09:49 (5307 turns).

Dracia the Conjurer (Deep Elf Conjurer)             Turns: 5307, Time: 00:09:50

Health: -7/32      AC:  3    Str:  4    XL:     6   Next: 74%
Magic:  13/17      EV: 13    Int: 25    God:
Gold:   256        SH:  0    Dex: 13    Spells: 4/18 levels left

rFire    . . .     SeeInvis .   n - +0 quarterstaff
rCold    . . .     Faith    .   (shield currently unavailable)
rNeg     . . .     Spirit   .   a - +1 robe
rPois    .         Reflect  .   (no helmet)
rElec    .         Harm     .   (no cloak)
rCorr    .         Rampage  .   (no gloves)
MR       .....                  (no boots)
Stlth    +.........             g - amulet of regeneration
HPRegen  0.50/turn              (no ring)
MPRegen  0.15/turn              (no ring)

@: glowing
A: no striking features
a: no special abilities


You were on level 5 of the Dungeon.
You visited 1 branch of the dungeon, and saw 5 of its levels.

You collected 256 gold pieces.


   Skills:
 + Level 3.0 Staves
 - Level 2.4 Dodging
 - Level 2.4 Stealth
 + Level 6.5 Spellcasting
 + Level 6.5 Conjurations


You had 4 spell levels left.
You knew the following spells:

 Your Spells              Type           Power        Failure   Level
d - Dazzling Flash        Conj/Hex       ###...       5%          3
f - Fulminant Prism       Conj/Hex       ###.......   19%         4
s - Searing Ray           Conj           #####.       1%          2
z - Magic Dart            Conj           ####         1%          1
X - Iskenderun's Mystic   Conj/Tloc      ###.....     19%         4

Your spell library contained the following spells:

 Spells                   Type           Power        Failure   Level


Inventory:

Hand Weapons
 h - a -2 quarterstaff
 l - a +3 hand axe
 n - a +0 quarterstaff (weapon)
 p - a +0 dagger
Missiles
 m - 2 throwing nets {=f=f}
Armour
 a - a +1 robe (worn)
Magical Staves
 d - an uncursed staff of air {!a!a}
Jewellery
 e - a -4 ring of intelligence
 g - an amulet of regeneration (around neck)
Scrolls
 b - 8 scrolls of teleportation {@r4@r4}
 f - a scroll of remove curse {@r2@r2}
 i - 2 scrolls of identify {@r1@r1}
 r - a scroll of enchant armour
 t - 3 scrolls of magic mapping {unknown}
Potions
 c - 4 potions of curing {@q1@q1}
 j - a potion of lignification {unknown}
 k - a potion of attraction {unknown}
 o - a potion of heal wounds {unknown}
 q - a potion of invisibility {unknown}
 s - 2 potions of brilliance {unknown}
 u - a potion of mutation {unknown}

Dungeon Overview and Level Annotations

Branches:
Dungeon (5/15)
 Temple: D:4-7

Altars:
Makhleb
Wu Jian
Xom
Yredelemnul

Annotations:
D:5 Duvessa

#.##.##
.########..#.#
#....#...#.#.##
#.##.###.#....#
#.##.###...†..###
#.......##.......
#.##.#####.......
####.##.#.####.>....
#..@e..).?.......###
#.#######.#.......#
.. .#.......# ...
.#.)..... ...
.####### .. ## #


You could see Duvessa (berserk).


Message History

The searing ray hits Dowan.
Dowan is moderately wounded. (Press . to maintain the ray.) Duvessa hits you but does no damage.
The searing ray hits Duvessa.
Duvessa is moderately wounded.
The searing ray hits Dowan!
Dowan is severely wounded.
Duvessa hits you with a +0 rapier!
The searing ray hits Duvessa!
Duvessa is heavily wounded.
The searing ray hits Dowan!
Dowan is almost dead.
Duvessa hits you with a +0 rapier.
The searing ray hits Duvessa.
Duvessa is severely wounded.
The searing ray hits Dowan!
You kill Dowan!
Duvessa screams in rage.
Duvessa goes berserk!
Your Staves skill increases to level 3!
You finish channeling your searing ray.
Duvessa closely misses you. Duvessa hits you with a +0 rapier!
* * * LOW HITPOINT WARNING * * *
Duvessa hits you with a +0 rapier.
* * * LOW HITPOINT WARNING * * *
Unknown command.
Duvessa rages.
Duvessa hits you with a +0 rapier!
You die...

Skill      XL: |  1  2  3  4  5  6 |
---------------+-------------------+-----
Spellcasting   | 4 5 6 |  6.5
Conjurations   | 5 6 |  6.5
Staves         | 1 2 3 |  3.0
Dodging        | |  2.4
Stealth        | |  2.4

Action                   |  1- 3 |  4- 6 || total
-------------------------+-------+-------++-------
Melee: Dagger            |     7 |       ||     7
       Quarterstaff      |     5 |    12 ||    17
       Staff             |       |    21 ||    21
 Cast: Magic Dart        |   102 |    93 ||   195
       Searing Ray       |     1 |    13 ||    14
  Use: Scroll            |       |     4 ||     4
Armor: Robe              |     4 |    21 ||    25
Dodge: Dodged            |    13 |    39 ||    52

Levels and vault maps discovered:
D:1:      heliophobic_arrival_glass_houses, layout_loops_ring
D:2:      layout_loops_cross, makhleb_heckhound_becter,
          yredelemnul_forgotten_temple_becter, minmay_diced_spiral
D:3:      layout_basic, overflow_temple_1_default
D:4:      layout_loops_cross
D:5:      layout_basic, lemuel_round_altar, nicolae_ru_awakened_eye,
          uniq_eustachio, uniq_duvessa

Notes
Turn   | Place    | Note
-------+----------+-------------------------------------------
     0 | D:1      | Dracia the Deep Elf Conjurer began the quest for the Orb.
     0 | D:1      | Reached XP level 1. HP: 10/10 MP: 6/6
   265 | D:1      | Reached XP level 2. HP: 15/15 MP: 5/8
   269 | D:1      | Learned a level 2 spell: Searing Ray
   842 | D:1      | Reached skill level 4 in Spellcasting
   860 | D:1      | Reached XP level 3. HP: 19/19 MP: 3/10
   863 | D:1      | Reached skill level 5 in Conjurations
   868 | D:1      | Learned a level 3 spell: Dazzling Flash
  2231 | D:2      | Found a burning altar of Makhleb.
  2235 | D:2      | Reached skill level 1 in Staves
  2235 | D:2      | Reached XP level 4. HP: 17/24 MP: 7/12
  2383 | D:2      | Found a basalt altar of Yredelemnul.
  2431 | D:3      | Learned a level 4 spell: Fulminant Prism
  2506 | D:3      | Reached skill level 5 in Spellcasting
  2695 | D:3      | Reached XP level 5. HP: 28/28 MP: 12/14
  2851 | D:3      | Found a shimmering altar of Xom.
  4165 | D:4      | Learned a level 4 spell: Iskenderun's Mystic Blast
  4176 | D:4      | Reached skill level 6 in Conjurations
  4226 | D:4      | Reached skill level 2 in Staves
  5062 | D:5      | Entered Level 5 of the Dungeon
  5111 | D:5      | Found an ornate altar of the Wu Jian Council.
  5132 | D:5      | Noticed Eustachio
  5140 | D:5      | Killed Eustachio
  5140 | D:5      | Reached skill level 6 in Spellcasting
  5140 | D:5      | Reached XP level 6. HP: 25/32 MP: 7/17
  5290 | D:5      | Noticed Duvessa
  5291 | D:5      | Noticed Dowan
  5304 | D:5      | Killed Dowan
  5304 | D:5      | Reached skill level 3 in Staves
  5307 | D:5      | Mangled by Duvessa

Vanquished Creatures
  Eustachio (D:5)
  Dowan (D:5)
  A jelly (D:3)
  A hound (D:2)
  An orc wizard (D:3)
  4 adders
  A shadow imp (D:5)
  An ooze (D:1)
  3 adder skeletons (D:4)
  6 worms
  3 dart slugs
  3 leopard geckos
  7 orcs
  9 bats
  7 giant cockroaches
  11 hobgoblins
  8 jackals
  2 quokkas (D:3)
  A ball python (D:3)
  3 frilled lizards
  10 goblins
  4 kobolds
  9 rats
  A spectral orc (D:2)
98 creatures vanquished.

Table legend: (Time is in decaauts)
 A = Elapsed time spent in this place.
 B = Non-inter-level travel time spent in this place.
 C = Inter-level travel time spent in this place.
 D = Time resting spent in this place.
 E = Time spent auto-exploring this place.
 F = Levels seen in this place.
 G = Mean time per level.
                   A        B        C        D        E       F      G
               +--------+--------+--------+--------+--------+-----+--------+
         Total |   5308 |   5212 |     96 |    650 |   4056 |   5 | 1061.6 |
       Dungeon |   5308 |   5212 |     96 |    650 |   4056 |   5 | 1061.6 |
               +--------+--------+--------+--------+--------+-----+--------+

Top non-repeatable levels by time:
     D:3: 1735 daAuts
     D:1: 1229 daAuts
     D:2: 1195 daAuts
     D:4: 903 daAuts
     D:5: 244 daAuts

Table legend:
 A = Non-vault XP
 B = Vault XP
 C = Vault XP percentage of total XP
 D = Non-vault monster count
 E = Vault monster count
 F = Vault count percentage of total count
                 A         B        C        D         E       F
            +---------+---------+-------+---------+---------+-------
      Total |     343 |     300 |  46.7 |      93 |       5 |   5.1
            +---------+---------+-------+---------+---------+-------
        D:1 |      51 |       0 |   0.0 |      26 |       0 |   0.0
        D:2 |      35 |      49 |  58.3 |      16 |       3 |  15.8
        D:3 |     175 |       0 |   0.0 |      35 |       0 |   0.0
        D:4 |      50 |       0 |   0.0 |      12 |       0 |   0.0
        D:5 |      32 |     251 |  88.7 |       4 |       2 |  33.3
            +---------+---------+-------+---------+---------+-------
